 Dungeon Crawl Stone Soup version 0.26-a0-812-g31a745ddcd (webtiles) character file.

Game seed: 13464158343937278414

955 kae the Insei (level 8, -2/43 HPs)
             Began as a Tengu Transmuter on Nov 18, 2020.
             Slain by an ice beast (6 damage)
             ... on level 5 of the Dungeon.
             The game lasted 00:05:49 (5708 turns).

kae the Insei (Tengu Transmuter)                    Turns: 5708, Time: 00:05:50

Health: -2/43      AC:  2    Str: 12    XL:     8   Next: 14%
Magic:  10/12      EV: 28    Int: 13    God:
Gold:   198        SH:  0    Dex: 21    Spells: 7/11 levels left

rFire    . . .     SeeInvis +     - Unarmed
rCold    . . .     Faith    .   (shield currently unavailable)
rNeg     . . .     Spirit   .   (armour currently unavailable)
rPois    x         Reflect  .   (helmet currently unavailable)
rElec    .         Harm     .   (cloak currently unavailable)
rCorr    .         Rampage  .   (gloves currently unavailable)
MR       .....                  (boots unavailable)
Stlth    ++........             (no amulet)
HPRegen  0.14/turn              f - ring of see invisible
MPRegen  0.13/turn              k - +4 ring of evasion

@: spider-form (expiring), attractive, flying quickly and evasively, quick
A: tiny, able to fly
a: Stop Flying, End Transformation


You were on level 5 of the Dungeon.
You were a venomous arachnid creature.
You visited 1 branch of the dungeon, and saw 5 of its levels.
You also visited: Ossuary.

You collected 198 gold pieces.

Inventory:

Armour
 a - a +0 robe (melded)
 h - a +1 pair of gloves (melded)
Jewellery
 f - a ring of see invisible (left front leg)
 g - an uncursed ring of magical power
 k - a +4 ring of evasion (right front leg)
Wands
 j - a wand of paralysis (8)
 m - a wand of random effects (20)
 o - a wand of flame (21)
 p - a wand of polymorph (8)
Scrolls
 c - a scroll of remove curse
 l - a scroll of teleportation
 n - 2 scrolls of amnesia
Potions
 b - 3 potions of mutation
 d - a potion of cancellation
 e - 2 potions of degeneration
 s - a potion of lignification {unknown}
 u - a potion of curing


   Skills:
 - Level 1.0 Fighting
 - Level 2.1 Dodging
 + Level 6.3 Unarmed Combat
 - Level 2.0 Spellcasting
 * Level 6.2 Transmutations
 - Level 2.0 Poison Magic


You had 7 spell levels left.
You knew the following spells:

 Your Spells              Type           Power        Failure   Level
a - Beastly Appendage     Tmut           ###...       8%          1
b - Spider Form           Tmut/Pois      ##........   32%         3

Your spell library contained the following spells:

 Spells                   Type           Power        Failure   Level
 Wereblood                Tmut           ###.....     11%         2
 Blade Hands              Tmut           ###.......   69%         5
 Ice Form                 Ice/Tmut       #.......     77%         4


Dungeon Overview and Level Annotations

Branches:
Dungeon (5/15)            Ossuary (visited)
 Temple: D:4-7

Altars:
Cheibriados
Uskayaw
Wu Jian
Zin

Annotations:
D:4 exclusion: ogre


Innate Abilities, Weirdness & Mutations

((You have a beak for a mouth.))
((You have claws for feet.))
You can fly continuously.


Message History

It was a potion of curing.
You feel better. The ice beast completely misses you.
You hit the ice beast.
The ice beast is moderately wounded.
The ice beast completely misses you.
You hit the ice beast.
The ice beast is moderately wounded.
The ice beast completely misses you.
You hit the ice beast.
The ice beast is heavily wounded.
The ice beast hits you.
* * * LOW HITPOINT WARNING * * *
The ice beast freezes you.
* * * LOW HITPOINT WARNING * * *
It was a potion of flight.
You feel more buoyant. The ice beast hits you.
* * * LOW HITPOINT WARNING * * *
The ice beast freezes you.
You die...

#.# #.# #.#
###.###.######
.............#
....###.####.#
.# ##...##
#.....#
##..s## ##Y##
#.# #.# #'#
..J .....
.......
.......Y.


You could see an ice beast.

Vanquished Creatures
  Eustachio (D:4)
  Edmund (D:5)
  A sky beast (D:5)
  An ogre (D:4)
  An elf zombie (Ossuary)
  A human zombie (Ossuary)
  4 worker ants
  3 big kobold zombies (Ossuary)
  A hound zombie (Ossuary)
  4 mummies
  4 gnolls (D:3)
  3 adders
  An ooze (D:4)
  4 adder zombies (Ossuary)
  3 adder skeletons
  A worm (D:2)
  3 dart slugs (D:1)
  A leopard gecko (D:4)
  6 orcs (D:3)
  4 giant cockroaches
  3 gnoll zombies (Ossuary)
  10 goblins
  9 hobgoblins
  7 jackals
  6 bats
  5 frilled lizards (D:1)
  4 goblin zombies (Ossuary)
  4 hobgoblin zombies (Ossuary)
  4 jackal zombies (Ossuary)
  3 kobolds
  A kobold zombie (Ossuary)
  An orc zombie (Ossuary)
  A quokka skeleton (D:4)
  6 quokka zombies (Ossuary)
  4 rats
  3 rat zombies (Ossuary)
119 creatures vanquished.

Notes
Turn   | Place    | Note
-------+----------+-------------------------------------------
     0 | D:1      | kae the Tengu Transmuter began the quest for the Orb.
     0 | D:1      | Reached XP level 1. HP: 12/12 MP: 4/4
   250 | D:1      | Reached XP level 2. HP: 9/16 MP: 4/6
   864 | D:1      | Reached XP level 3. HP: 12/20 MP: 7/7
   869 | D:1      | Learned a level 3 spell: Spider Form
  2226 | D:2      | Reached skill level 1 in Poison Magic
  2226 | D:2      | Reached XP level 4. HP: 13/25 MP: 3/8
  3277 | D:3      | Gained mutation: You can fly continuously. [Tengu growth]
  3277 | D:3      | Reached XP level 5. HP: 29/29 MP: 6/9
  3365 | D:3      | You are sucked into a shaft and drop 2 floors!
  3365 | D:5      | Entered Level 5 of the Dungeon
  3464 | D:4      | Noticed an ogre
  3563 | D:4      | Killed an ogre
  3563 | D:4      | Reached XP level 6. HP: 33/34 MP: 7/10
  3603 | D:4      | Found a snail-covered altar of Cheibriados.
  3753 | D:4      | Found a glowing silver altar of Zin.
  3851 | D:4      | Found an ornate altar of the Wu Jian Council.
  3930 | D:4      | Noticed Eustachio
  3952 | D:4      | Killed Eustachio
  3952 | D:4      | Reached skill level 5 in Unarmed Combat
  3952 | D:4      | Reached XP level 7. HP: 35/38 MP: 8/11
  3990 | D:4      | Found a sand-covered staircase.
  4003 | Ossuary  | Entered an ossuary
  4318 | Ossuary  | Reached skill level 5 in Transmutations
  5456 | D:4      | Found a hide-covered altar of Uskayaw.
  5514 | D:5      | Noticed Edmund
  5527 | D:5      | Killed Edmund
  5527 | D:5      | Reached XP level 8. HP: 43/43 MP: 9/12
  5708 | D:5      | Slain by an ice beast

Illustrated notes

Levels and vault maps discovered:
D:1:      erik_arrival_triangle_small, layout_basic
D:2:      layout_loops_cross, roderic_nine_men_s_morris, grunt_decor_cap
D:3:      layout_basic, yredelemnul_forgotten_temple_becter,
          minmay_misc_feat_more_columns, xom_teletrap_fun
D:4:      layout_basic, nicolae_overflow_quartered_altars,
          gup_ossuary_entry_pyramid, uniq_eustachio
D:5:      layout_loops_corners, cheibrodos_sewer_entry_bend, uniq_edmund

Skill      XL: |  1  2  3  4  5  6  7  8 |
---------------+-------------------------+-----
Transmutations | 2 3 4 5 6 |  6.2
Poison Magic   | 1 2 |  2.0
Unarmed Combat | 4 5 6 |  6.3
Fighting       | |  1.0
Dodging        | |  2.1
Spellcasting   | |  2.0

Action                   |  1- 3 |  4- 6 |  7- 9 || total
-------------------------+-------+-------+-------++-------
Melee: Unarmed           |    94 |   108 |   196 ||   398
       Peck              |     9 |    14 |    36 ||    59
       Kick              |    18 |    16 |    47 ||    81
       Headbutt          |     9 |    12 |    14 ||    35
       Punch             |     2 |       |     8 ||    10
 Cast: Beastly Appendage |    23 |    16 |    12 ||    51
       Spider Form       |       |     4 |     4 ||     8
 Abil: Fly               |       |     1 |       ||     1
  Use: Scroll            |       |     7 |     6 ||    13
       Potion            |       |       |     3 ||     3
 Stab: Sleeping          |     1 |       |     1 ||     2
Armor: Robe              |    40 |    13 |    19 ||    72
       Skin              |       |     1 |     9 ||    10
Dodge: Dodged            |    72 |    76 |   162 ||   310

Table legend: (Time is in decaauts)
 A = Elapsed time spent in this place.
 B = Non-inter-level travel time spent in this place.
 C = Inter-level travel time spent in this place.
 D = Time resting spent in this place.
 E = Time spent auto-exploring this place.
 F = Levels seen in this place.
 G = Mean time per level.
                   A        B        C        D        E       F      G
               +--------+--------+--------+--------+--------+-----+--------+
         Total |   5597 |   5415 |    182 |    765 |   3709 |   6 |  932.8 |
       Dungeon |   4351 |   4169 |    182 |    511 |   2936 |   5 |  870.2 |
       Ossuary |   1245 |   1245 |      0 |    254 |    772 |   1 | 1245.0 |
               +--------+--------+--------+--------+--------+-----+--------+

Top non-repeatable levels by time:
     D:1: 1968 daAuts
 Ossuary: 1245 daAuts
     D:2: 893 daAuts
     D:4: 797 daAuts
     D:3: 492 daAuts
     D:5: 200 daAuts
